 Dungeon Crawl Stone Soup version 0.28-a0-48-gfd831c5874 (webtiles) character file.

Game seed: 8035541627203283389

29 Spectrina the Sneak (level 3, -1/22 HPs)
             Began as a Deep Elf Delver on July 29, 2021.
             Was an Initiate of Elyvilon.
             Slain by an ice beast (9 damage)
             ... on level 5 of the Dungeon.
             The game lasted 00:01:14 (166 turns).

Spectrina the Sneak (Deep Elf Delver)                Turns: 166, Time: 00:01:14

Health: -1/22      AC:  3    Str:  9    XL:     3   Next: 1%
Magic:  5/5        EV: 12    Int: 15    God:    Elyvilon [......]
Gold:   24         SH:  0    Dex: 16    Spells: 2/2 levels left

rFire   . . .      SeeInvis .   a - +0 short sword
rCold   . . .      Faith    .   (no shield)
rNeg    . . .      Spirit   .   b - +0 leather armour
rPois   .          Reflect  .   (no helmet)
rElec   .          Harm     .   (no cloak)
rCorr   .          Rampage  .   (no gloves)
Will    .....                   (no boots)
Stlth   +++.......              (no amulet)
HPRegen 0.07/turn               (no ring)
MPRegen 0.09/turn               (no ring)

@: no status effects
A: no striking features
a: Renounce Religion


You were on level 5 of the Dungeon.
You worshipped Elyvilon.
Elyvilon was noncommittal.
You visited 2 branches of the dungeon, and saw 2 of its levels.

You collected 24 gold pieces.

Inventory:

Hand Weapons
 a - a +0 short sword (weapon)
Missiles
 h - 15 bolts
Armour
 b - a +0 leather armour (worn)
Wands
 g - a wand of digging (3)
Scrolls
 c - a scroll of fog
 d - a scroll of magic mapping
 e - a scroll of fear
 i - a scroll of identify {unknown}


   Skills:
 - Level 2.4 Fighting
 - Level 2.0 Short Blades
 - Level 2.4 Dodging
 + Level 7.2 Stealth


You had 2 spell levels left.
You didn't know any spells.
Your spell library was empty.

Dungeon Overview and Level Annotations

Branches:
Dungeon (5/15)             Temple (1/1) D:5

Altars:
Ashenzari
Dithmenos
Elyvilon
Gozag
Qazlal
Ru
Uskayaw
Vehumet
Wu Jian
The Shining One


Message History

There are monsters nearby!
You see here a hound corpse.
Found a staircase to the Ecumenical Temple.
There is a fountain of clear blue water here.
There is a staircase to the Ecumenical Temple here.
You climb downwards.
Welcome to the Ecumenical Temple!
Found an opulent altar of Gozag.
There is a staircase back to the Dungeon here.
Found an ornate altar of the Wu Jian Council.
There is an opulent altar of Gozag here.
Found a radiant altar of Vehumet and a stormy altar of Qazlal.
There is an ornate altar of the Wu Jian Council here.
You enter the shallow water.
Moving in this stuff is going to be slow.
Found two altars.
Your extra speed is starting to run out.
Found a shadowy altar of Dithmenos.
You feel yourself slow down.
You enter the shallow water.
Moving in this stuff is going to be slow.
Found a white marble altar of Elyvilon and a broken altar of Ashenzari.
Found a sacrificial altar of Ru.
There is a white marble altar of Elyvilon here.
You kneel at the altar of Elyvilon.
Elyvilon welcomes you!
You enter the shallow water.
Moving in this stuff is going to be slow.
Why would you want to do that?
You enter the shallow water.
Moving in this stuff is going to be slow.
You aren't carrying any potions.
Okay, then.
Okay, then.
You aren't carrying any potions.
There is a staircase back to the Dungeon here.
Okay, then.
You climb upwards.
The ice beast closely misses you. The hound skeleton barely misses you.
The ice beast hits you. The ice beast freezes you!
You die...

. ####### ### .#. #
#.....#####.# ###...
#...#..Y..#...#.###.....
..⌠....@Z...⌠..Z........
#...#.....#oo.#†o.......
#####.....#####.........
#..#######.###...###...
####..##.......##.### #.
.....##.....o..o..# #
#...##...........#######
#...##...........##.....
#...##...........##.....


You could see an ice beast, 2 orcs and a hound skeleton.

Vanquished Creatures
  A hound (D:5)
1 creature vanquished.

Notes
Turn   | Place    | Note
-------+----------+-------------------------------------------
     0 | D:5      | Spectrina the Deep Elf Delver began the quest for the Orb.
     0 | D:5      | Reached XP level 1. HP: 13/13 MP: 3/3
     8 | D:5      | Noticed an ice beast
    17 | D:5      | Noticed an orc wizard
    78 | D:5      | Noticed a scorpion
    90 | D:5      | Noticed a hound
    95 | D:5      | Killed a hound
    96 | D:5      | Reached skill level 7 in Stealth
    96 | D:5      | Reached XP level 2. HP: 3/18 MP: 4/4
    96 | D:5      | Reached XP level 3. HP: 4/22 MP: 5/5
    97 | D:5      | Found a staircase to the Ecumenical Temple.
   106 | Temple   | Entered the Ecumenical Temple
   138 | Temple   | Became a worshipper of Elyvilon the Healer
   166 | D:5      | Slain by an ice beast

Illustrated notes

Levels and vault maps discovered:
D:5:      layout_basic, minmay_temple_entry_antechambers
Temple:   regret_index_temple_waves

Skill      XL: |  1 |
---------------+----+-----
Stealth        | 7 |  7.2
Fighting       | |  2.4
Short Blades   | |  2.0
Dodging        | |  2.4

Action                   || total
-------------------------++-------
Melee: Short sword       ||     1
  Use: Potion            ||     1
 Stab: Sleeping          ||     1
Armor: Leather armour    ||     6
Dodge: Dodged            ||    18

Table legend: (Time is in decaauts)
 A = Elapsed time spent in this place.
 B = Non-inter-level travel time spent in this place.
 C = Inter-level travel time spent in this place.
 D = Time resting spent in this place.
 E = Time spent auto-exploring this place.
 F = Levels seen in this place.
 G = Mean time per level.
                   A        B        C        D        E       F      G
               +--------+--------+--------+--------+--------+-----+--------+
         Total |    155 |    155 |      0 |      0 |      0 |   2 |   77.5 |
       Dungeon |    101 |    101 |      0 |      0 |      0 |   1 |  101.0 |
        Temple |     53 |     53 |      0 |      0 |      0 |   1 |   53.0 |
               +--------+--------+--------+--------+--------+-----+--------+

Top non-repeatable levels by time:
     D:5: 101 daAuts
  Temple: 53 daAuts
